 Dungeon Crawl Stone Soup version 0.29-a0-872-g797fff5ad1 (webtiles) character file.

Game seed: 14513035133761759316

48 Hubjo the Insei (level 3, -4/24 HPs)
             Began as a Demonspawn Transmuter on July 18, 2022.
             Was a Follower of Hepliaklqana.
             Killed by nerve-wracking pain
             ... invoked by Jessica
              (8 damage)
             ... on level 2 of the Dungeon.
             The game lasted 00:01:55 (1323 turns).

Hubjo the Insei (Demonspawn Transmuter)             Turns: 1323, Time: 00:01:57

Health: -4/24      AC:  2    Str: 10    XL:     3   Next: 50%
Magic:  6/6        EV: 12    Int: 16    God:    Hepliaklqana [*.....]
Gold:   36         SH:  0    Dex: 13    Spells: 5/6 levels left

rFire   . . .      SeeInvis .     - Unarmed
rCold   . . .      Faith    .   (no shield)
rNeg    . . .      Spirit   .   a - +0 robe
rPois   .          Reflect  .   (helmet currently unavailable)
rElec   .          Harm     .   (no cloak)
rCorr   .          Rampage  .   (no gloves)
Will    .....                   (boots currently unavailable)
Stlth   +.........              (no amulet)
HPRegen 0.08/turn               (no ring)
MPRegen 0.10/turn               (no ring)

@: appendages
A: horns 2, talons 2, reduced essence, foul stench 1, spiny 1
a: End Transformation, Renounce Religion, Recall Ancestor, Ancestor Identity


You were on level 2 of the Dungeon.
You worshipped Hepliaklqana.
Hepliaklqana was aware of your devotion.
You had temporarily grown beastly horns and talons.
You visited 1 branch of the dungeon, and saw 2 of its levels.

You collected 36 gold pieces.

Inventory:

Hand Weapons
 j - a +2 hand axe of venom
Armour
 a - a +0 robe (worn)
Scrolls
 d - 3 scrolls of identify {unknown}
 e - a scroll of poison {unknown}
 f - 2 scrolls of fog {unknown}
 g - a scroll of immolation {unknown}
 h - a scroll of magic mapping {unknown}
 i - 2 scrolls of teleportation {unknown}
Potions
 b - a potion of lignification
 c - 2 potions of curing {unknown}
 k - 2 potions of mutation {unknown}
 l - a potion of degeneration {unknown}
 m - a potion of heal wounds {unknown}


   Skills:
 + Level 2.0 Fighting
 - Level 1.7 Dodging
 + Level 3.0 Unarmed Combat
 + Level 2.3 Spellcasting
 * Level 2.5 Transmutations


You had 5 spell levels left.
You knew the following spells:

 Your Spells              Type           Power      Damage    Failure   Level
a - Beastly Appendage     Tmut           20%        N/A       7%          1

Your spell library contained the following spells:

 Spells                   Type           Power      Damage    Failure   Level
 Wereblood                Tmut           10%        N/A       11%         2
 Spider Form              Tmut/Pois      5%         N/A       34%         3
 Ice Form                 Ice/Tmut       5%         N/A       75%         4


Dungeon Overview and Level Annotations

Branches:
Dungeon (2/15)

Altars:
Hepliaklqana

Annotations:
D:2 Jessica


Innate Abilities, Weirdness & Mutations

You have temporarily grown beastly horns and talons.
Your life essence is reduced to manifest your ancestor. (-10% HP)
You may rarely emit foul miasma when damaged in melee.
You are partially covered in sharp spines.


Message History

No target in view!
No target in view!
Your transformation is almost over.
Things that are here:
a +0 club; a goblin corpse Jessica the Apprentice Sorceress comes into view.
She is wielding a +0 dagger and carrying a wand of flame (24).
Jessica shouts!
Jessica points at you and mumbles some strange words.
Pain shoots through your body!
Jessica is nearby!
Jessica is nearby!
Jessica is nearby!
You extend your transformation's duration.
Found a cyan potion.
Jessica casts a spell.
Jessica blinks!
Jessica zaps a wand.
The puff of flame hits you!
You are too injured to fight recklessly!
You are too injured to fight recklessly!
You are too injured to fight recklessly!
Jessica casts a spell.
Jessica blinks!
You swap places.
You swap places.
Jessica gestures wildly while chanting.
Jessica blinks!
Jessica hits you with a +0 dagger.
Hubquo hits Jessica but does no damage.
You hit Jessica but do no damage. Your kick misses Jessica.
Jessica zaps a wand.
The puff of flame misses you.
Hubquo hits Jessica.
You hit Jessica.
Jessica is severely wounded.
Jessica casts a spell.
Jessica seems to speed up.
Hubquo hits Jessica.
You closely miss Jessica. You headbutt Jessica, but do no damage.
Jessica is severely wounded.
Jessica hits you with a +0 dagger.
* * * LOW HITPOINT WARNING * * *
Jessica gestures at you while chanting. Pain shoots through your body!
You die...

#. ... ... ... .. #...
#.# #.. #.. #. #.. #.#
#.# #...#. ##.###.# #.#
..#. ##...##.# #.# ...
##.....#.# #.# # #.
##........#####@######..
#..#.
#..........)...@R....!..
#...>
#........######.#######.
....... #.#.....##
#.......... ###.###
##...## #.......... # #
##.## #.########. # #.#
#. #.# #. #.#### #.#
#.###....# #.#


You could see the friendly Hubquo the ancestor and Jessica (fast, ally target).

Vanquished Creatures
  An adder (D:2)
  A worm (D:2)
  4 ball pythons
  A bat (D:1)
  4 endoplasms (D:2)
  2 giant cockroaches
  5 goblins
  3 hobgoblins
  2 jackals (D:1)
  A quokka (D:1)
  2 frilled lizards (D:2)
  2 kobolds
  A rat (D:1)
29 creatures vanquished.

Vanquished Creatures (collateral kills)
  A kobold (D:1)
1 creature vanquished.

Grand Total: 30 creatures vanquished

Notes
Turn   | Place    | Note
-------+----------+-------------------------------------------
     0 | D:1      | Hubjo the Demonspawn Transmuter began the quest for the
                  | Orb.
     0 | D:1      | Reached XP level 1. HP: 15/15 MP: 3/3
   383 | D:1      | Gained mutation: You are partially covered in sharp spines.
                  | [demonic ancestry]
   383 | D:1      | Reached XP level 2. HP: 17/21 MP: 3/5
   439 | D:1      | Found a faded altar of an unknown god.
   453 | D:1      | Prayed at the altar of an unknown god.
   453 | D:1      | Became a worshipper of Hepliaklqana the Forgotten
   453 | D:1      | Reached * piety under Hepliaklqana
  1012 | D:2      | Gained mutation: You may rarely emit foul miasma when
                  | damaged in melee. [demonic ancestry]
  1012 | D:2      | Reached XP level 3. HP: 13/24 MP: 4/6
  1019 | D:2      | Reached skill level 3 in Unarmed Combat
  1309 | D:2      | Noticed Jessica
  1323 | D:2      | Killed from afar by Jessica

Illustrated notes

Levels and vault maps discovered:
D:1:      reono_arrival_forest_river, layout_basic,
          ebering_ecumenical_altar_petrified
D:2:      layout_loops_ring, uniq_jessica

Skill      XL: |  1  2  3 |
---------------+----------+-----
Transmutations | 2 |  2.5
Unarmed Combat | 3 |  3.0
Fighting       | 2 |  2.0
Dodging        | |  1.7
Spellcasting   | |  2.3

Action                   || total
-------------------------++-------
Melee: Unarmed           ||    55
       Kick              ||    13
       Headbutt          ||     9
       Punch             ||     1
 Cast: Beastly Appendage ||    23
Invok: Recall Ancestor   ||     1
       Ancestor Identity ||     1
Armor: Robe              ||     7
Dodge: Dodged            ||    27

Table legend: (Time is in decaauts)
 A = Elapsed time spent in this place.
 B = Non-inter-level travel time spent in this place.
 C = Inter-level travel time spent in this place.
 D = Time resting spent in this place.
 E = Time spent auto-exploring this place.
 F = Levels seen in this place.
 G = Mean time per level.
                   A        B        C        D        E       F      G
               +--------+--------+--------+--------+--------+-----+--------+
         Total |   1327 |   1260 |     67 |      0 |   1066 |   2 |  663.5 |
       Dungeon |   1327 |   1260 |     67 |      0 |   1066 |   2 |  663.5 |
               +--------+--------+--------+--------+--------+-----+--------+

Top non-repeatable levels by time:
     D:1: 901 daAuts
     D:2: 426 daAuts
